[Event "Early-Titled-Tuesday-Blitz-August-29-2023"]
[Site "Chess.com"]
[Date "2023.08.29"]
[Round "3"]
[White "CarlosjPineror"]
[Black "Ariadna_Atreides"]
[Result "1-0"]
[WhiteElo "2428"]
[BlackElo "2234"]
[TimeControl "180+1"]
[EndTime "8:28:01 PDT"]
[Termination "CarlosjPineror won on time"]

1. e4 c6 2. d3 d5 3. Nd2 Nf6 4. Ngf3 Bg4 5. h3 Bxf3 6. Qxf3 e6 7. g3 Nbd7 8. Bg2 Bc5 9. O-O O-O 10. Qe2 a5 11. a4 h6 12. c3 dxe4 13. dxe4 Qe7 14. e5 Nd5 15. Ne4 Bb6 16. Nd6 Bc7 17. Nc4 b5 18. axb5 cxb5 19. Ne3 Nxe5 20. Nxd5 exd5 21. Qxb5 Rfd8 22. Rd1 Rab8 23. Qe2 Qc5 24. Bf4 Nc4 25. Bxc7 Qxc7 26. Rxd5 Nxb2 27. Raxa5 Qxc3 28. Ra7 Nc4 29.
Qe7 Qc1+ 30. Kh2 Rf8 31. Rf5 Nd2 32. Rxf7 1-0

[Event "Early-Titled-Tuesday-Blitz-August-29-2023"]
[Site "Chess.com"]
[Date "2023.08.29"]
[Round "3"]
[White "elchacal664"]
[Black "ritanovikova"]
[Result "1-0"]
[WhiteElo "2413"]
[BlackElo "2147"]
[TimeControl "180+1"]
[EndTime "8:28:01 PDT"]
[Termination "elchacal664 won by resignation"]

1. Nf3 Nf6 2. g3 g6 3. Bg2 Bg7 4. O-O O-O 5. d3 c6 6. e4 d6 7. Qe2 e5 8. h3 Qc7 9. Nbd2 Re8 10. Rb1 d5 11. b4 dxe4 12. Nxe4 Nxe4 13. dxe4 Be6 14.
a4 h6 15. c4 Na6 16. c5 b5 17. axb5 cxb5 18. Qxb5 Qc8 19. Qa4 Nc7 20. Bb2 Bxh3 21. Rfd1 Bxg2 22. Kxg2 Qg4 23. b5 Ne6 24. Nxe5 Nf4+ 25.
Kg1 Bxe5 26. Bxe5 Rxe5 27. b6 Rg5 28. b7 Rb8 29. Qxa7 Nh3+ 30. Kh2 Rxb7 31. Rd8+ Kg7 32. Qa1+ f6 33. Rxb7+ 1-0

[Event "Early-Titled-Tuesday-Blitz-August-29-2023"]
[Site "Chess.com"]
[Date "2023.08.29"]
[Round "3"]
[White "shimastream"]
[Black "Mikedannnn"]
[Result "1-0"]
[WhiteElo "2894"]
[BlackElo "2592"]
[TimeControl "180+1"]
[EndTime "8:28:04 PDT"]
[Termination "shimastream won by resignation"]

1. e4 c5 2. Nf3 e6 3. d4 cxd4 4. Nxd4 Nc6 5. Be2 Nf6 6. Nc3 Qc7 7. Ndb5 Qb8 8. f4 d6 9. Be3 Bd7 10. g4 a6 11. Nd4 Nxd4 12. Qxd4 Bc6 13. g5 Nd7 14.
O-O-O b5 15. Bf3 Qb7 16. Nd5 Nc5 17. Rhe1 exd5 18. exd5 Bd7 19. Qc3 O-O-O 20. b4 Kb8 21. bxc5 dxc5 22. Bxc5 b4 23. Qe5+ Ka8 24. Bxf8 Rhxf8 25. Re3 Rfe8 26. Qd4 Rxe3 27. Qxe3 Qb5 28. d6+ Kb8 29.
Rd5 Qc6 30. Qd4 Rc8 31. Be4 Be6 32. d7 Rd8 33. Rd6 Qc7 34. Rb6+ Ka7 35. Rb7+ 1-0

[Event "Early-Titled-Tuesday-Blitz-August-29-2023"]
[Site "Chess.com"]
[Date "2023.08.29"]
[Round "3"]
[White "Mikhail_Bryakin"]
[Black "GeorgiosSouleidis"]
[Result "1-0"]
[WhiteElo "2832"]
[BlackElo "2563"]
[TimeControl "180+1"]
[EndTime "8:28:04 PDT"]
[Termination "Mikhail_Bryakin won by resignation"]

1. Nf3 Nf6 2. g3 g6 3. Bg2 Bg7 4. O-O O-O 5. a4 d5 6. a5 c5 7. b3 Nc6 8. a6 b6 9. Bb2 Re8 10. Ne5 Nxe5 11. Bxe5 Be6 12. c4 Rc8 13. d3 Qd7 14.
Nc3 d4 15. Nb5 Nh5 16. Bxg7 Kxg7 17. Bb7 Rb8 18. f3 Bh3 19. Rf2 e5 20. Nxa7 Rxb7 21. axb7 Qxb7 22. Nb5 Qe7 23. Qd2 h6 24. Ra7 Qf6 25. Nc7 Rd8 26. Nd5 Qe6 27. Qa2 Nf6 28. Re7 Qc6 29. Qa7 Rf8 30. Nxf6 Qxf6 31. f4 exf4 32.
Rxf4 Qc6 33. Rexf7+ Rxf7 34. Qxf7+ Kh8 35. Qf8+ 1-0

[Event "Early-Titled-Tuesday-Blitz-August-29-2023"]
[Site "Chess.com"]
[Date "2023.08.29"]
[Round "3"]
[White "Balla_Tamas"]
[Black "Kildepiotr"]
[Result "0-1"]
[WhiteElo "2441"]
[BlackElo "2651"]
[TimeControl "180+1"]
[EndTime "8:28:04 PDT"]
[Termination "Kildepiotr won by resignation"]

1. e4 g6 2. d4 Bg7 3. Nc3 c6 4. f4 d5 5. e5 Nh6 6. Be2 f6 7.
Be3 Nf5 8. Bf2 fxe5 9. fxe5 Bh6 10. Nf3 Ne3 11. Bxe3 Bxe3 12. Qd3 Bh6 13. O-O Bf5 14. Qd1 e6 15. Bd3 O-O 16. Bxf5 Rxf5 17. Ne2 Nd7 18. Ng3 Rf7 19. Qe2 Qb6 20. c3 Raf8 21.
b3 c5 22. Rad1 cxd4 23. cxd4 Nb8 24. Qd3 Nc6 25. Rfe1 Rf4 26. Ne2 Re4 27. Ng3 Rxe1+ 28.
Rxe1 Rf4 29. Ne2 Re4 30. Rd1 Nxe5 31. Nxe5 Rxe5 32. Rf1 Rf5 33. Rxf5 exf5 34. Nc3 Bg7 35. Nxd5 Qxd4+ 36. Qxd4 Bxd4+ 37. Kf1 Kf7 38. Ke2 Ke6 39. Nc7+ Ke5 40. Nb5 Bb2 41. Kf3 a6 42. Nc7 Bc3 43. Ne8 Ke6 44. Nc7+ Kd6 0-1

[Event "Early-Titled-Tuesday-Blitz-August-29-2023"]
[Site "Chess.com"]
[Date "2023.08.29"]
[Round "3"]
[White "OlaaLa"]
[Black "parintele_chess"]
[Result "1-0"]
[WhiteElo "2438"]
[BlackElo "2224"]
[TimeControl "180+1"]
[EndTime "8:28:06 PDT"]
[Termination "OlaaLa won by checkmate"]

1. Nf3 Nf6 2. g3 g6 3. Bg2 Bg7 4. O-O O-O 5. c4 c6 6. Nc3 d5 7.
cxd5 cxd5 8. d4 Ne4 9. Bf4 Nc6 10. e3 Nxc3 11. bxc3 b6 12. Qa4 Bd7 13. Qa3 Na5 14. Nd2 e6 15. Bd6 Re8 16. Bb4 Nc6 17. c4 dxc4 18.
Nxc4 a5 19. Bd6 b5 20. Ne5 Rc8 21. Nxd7 Qxd7 22. Bc5 b4 23. Qa4 Ne5 24. Qxa5 Nd3 25. Bxb4 Rc2 26. Be4 Nxb4 27. Qxb4 Rc7 28. Rfc1 Bf8 29.
Qd2 Rec8 30. Rxc7 Rxc7 31. a4 Ra7 32. a5 Qb5 33. Bd3 Qb7 34. a6 Qc7 35. Qa5 Qd6 36.
Rb1 h5 37. Rb7 Ra8 38. Qc7 Qa3 39. Qxf7+ Kh8 40. Qh7# 1-0

[Event "Early-Titled-Tuesday-Blitz-August-29-2023"]
[Site "Chess.com"]
[Date "2023.08.29"]
[Round "3"]
[White "erlesfar"]
[Black "ATM622"]
[Result "0-1"]
[WhiteElo "2301"]
[BlackElo "2502"]
[TimeControl "180+1"]
[EndTime "8:28:06 PDT"]
[Termination "ATM622 won by checkmate"]

1. e4 c6 2. d4 d5 3. exd5 cxd5 4. Bd3 Nc6 5. c3 Nf6 6. h3 Qc7 7. Nf3 g6 8. O-O Bg7 9. Re1 O-O 10. Bg5 Bf5 11. Na3 a6 12. Ne5 Bxd3 13. Qxd3 Ne4 14.
Nxc6 bxc6 15. Be3 e5 16. dxe5 Bxe5 17. Rad1 Rfe8 18. c4 Bxb2 19. cxd5 cxd5 20. Rb1 Qc3 21. Qxc3 Bxc3 22. Red1 Bg7 23. Rb7 d4 24. Bf4 Nc3 25.
Rd2 Ne2+ 26. Kh2 Nxf4 27. Kg3 Nd5 28. Nc4 Nc3 29. Nd6 Be5+ 30. Kf3 Bxd6 31. Rxd4 Be5 32. Rc4 Nb5 33. Rc5 Bg7 34. Rc6 Nd4+ 35. Kg3 Nxc6 36.
Rc7 Be5+ 37. Kf3 Bxc7 38. g3 h5 39. Kg2 Re2 40. Kf3 Rae8 41. Kg2 Nd4 42. g4 h4 43.
g5 f5 44. Kg1 f4 45. Kg2 f3+ 46. Kg1 Re1# 0-1

[Event "Early-Titled-Tuesday-Blitz-August-29-2023"]
[Site "Chess.com"]
[Date "2023.08.29"]
[Round "3"]
[White "GiorgianBarbosa"]
[Black "Brave_spirit12"]
[Result "0-1"]
[WhiteElo "2448"]
[BlackElo "2828"]
[TimeControl "180+1"]
[EndTime "8:28:07 PDT"]
[Termination "Brave_spirit12 won by checkmate"]

1. c4 b6 2. g3 Bb7 3. Nf3 g5 4. Bg2 g4 5. Nh4 Bxg2 6. Nxg2 d5 7.
e3 Nf6 8. Nc3 c6 9. cxd5 cxd5 10. d4 Bg7 11. Nf4 O-O 12. h3 gxh3 13. Rxh3 Nc6 14.
Kf1 Qd7 15. Kg2 Rad8 16. Nh5 Qf5 17. Nxf6+ Bxf6 18. Qh1 e5 19. Rh5 Qg6 20. dxe5 Nxe5 21. Qh3 Nd3 22. Bd2 Bg7 23. Rh1 h6 24. e4 d4 25. Bxh6 dxc3 26. Bxg7 Nf4+ 27. Kf3 Nxh3 28. Bxc3 Qxh5+ 29. Kg2 Nf4+ 30. gxf4 Qxh1+ 31. Kxh1 Rd3 32. Kg2 Rxc3 33. bxc3 Rc8 34. Kf3 Rxc3+ 35. Kg4 Ra3 36. Kf5 Rxa2 37. e5 Rxf2 38. e6 fxe6+ 39. Kxe6 Rxf4 40.
Kd7 Rc4 41. Kd6 Rc5 42. Kd7 a5 43. Kd8 a4 44. Kd7 a3 45. Kd8 a2 46. Ke8 a1=Q 47.
Kd8 Qd4+ 48. Ke8 Re5# 0-1

[Event "Early-Titled-Tuesday-Blitz-August-29-2023"]
[Site "Chess.com"]
[Date "2023.08.29"]
[Round "3"]
[White "Ramosha"]
[Black "RobertoJBM"]
[Result "1-0"]
[WhiteElo "2579"]
[BlackElo "2818"]
[TimeControl "180+1"]
[EndTime "8:28:08 PDT"]
[Termination "Ramosha won on time"]

1. e4 c6 2. Nf3 d5 3. d3 g6 4. e5 c5 5. c3 Nc6 6. d4 Bg4 7. dxc5 e6 8. b4 Bg7 9. Bf4 Bxf3 10.
Qxf3 Nxe5 11. Bb5+ Nc6 12. O-O Ne7 13. Nd2 O-O 14.
Rad1 e5 15. Bg3 e4 16. Qe2 f5 17. Bd6 Rf7 18. f3 Bxc3 19. fxe4 fxe4 20. Rxf7 Kxf7 21. Nxe4 dxe4 22. Qxe4 Bf6 23. Rf1 Kg7 24. g4 g5 25.
Bc4 Ng6 26. b5 Nce5 27. Qxb7+ Kh6 28. Bd5 Rc8 29. Be4 Nxg4 30. Bf5 Bd4+ 31. Kh1 Ne3 32. Qxc8 Qxc8 33. Bxc8 Nxf1 34. c6 Ne3 35. c7 Nd5 36. Be6 Nb6 37. a4 Nf4 38. Bxf4 gxf4 39. a5 1-0

[Event "Early-Titled-Tuesday-Blitz-August-29-2023"]
[Site "Chess.com"]
[Date "2023.08.29"]
[Round "3"]
[White "Maluco_do_Natal_00"]
[Black "Good_Knight_Kiss"]
[Result "0-1"]
[WhiteElo "1926"]
[BlackElo "2360"]
[TimeControl "180+1"]
[EndTime "8:28:09 PDT"]
[Termination "Good_Knight_Kiss won by checkmate"]

1. e4 c5 2. Nf3 d6 3. d4 cxd4 4.
Nxd4 Nf6 5. Nc3 a6 6. Be3 e5 7.
Nb3 Be6 8. Qd2 Be7 9. f3 O-O 10.
O-O-O Nbd7 11. g4 b5 12. g5 b4 13. Ne2 Ne8 14. Kb1 a5 15. h4 Nc7 16. f4 a4 17. Nbc1 exf4 18. Nxf4 Ne5 19. Be2 Qb8 20. Nd5 Nxd5 21. exd5 Bf5 22. Nd3 Nc4 23. Qc1 Rc8 24. Bd4 b3 25. c3 a3 26. bxa3 Rxa3 27. Qf4 Bxd3+ 28. Kc1 b2# 0-1

[Event "Early-Titled-Tuesday-Blitz-August-29-2023"]
[Site "Chess.com"]
[Date "2023.08.29"]
[Round "3"]
[White "Vuk2000"]
[Black "sergoy"]
[Result "0-1"]
[WhiteElo "2740"]
[BlackElo "2950"]
[TimeControl "180+1"]
[EndTime "8:28:10 PDT"]
[Termination "sergoy won on time"]

1. d4 Nf6 2. Bg5 Ne4 3. Bf4 c5 4. f3 Qa5+ 5. c3 Nf6 6. d5 d6 7.
e4 Nbd7 8. Nh3 g6 9. Nf2 Bg7 10.
Na3 O-O 11. Nc4 Qc7 12. a4 b6 13. Qd2 a6 14. g4 Rb8 15. h4 b5 16. axb5 axb5 17. Na3 c4 18. h5 Nc5 19. Rd1 Qb6 20. Bh6 Bxg4 21. Bxg7 Bxf3 22. Bxf6 exf6 23. Rh3 Bxd1 24.
Qxd1 Rbe8 25. Bg2 f5 26. Qd4 Qd8 27. Kf1 Qg5 28. h6 Re5 29. exf5 Rfe8 0-1

[Event "Early-Titled-Tuesday-Blitz-August-29-2023"]
[Site "Chess.com"]
[Date "2023.08.29"]
[Round "3"]
[White "superfast64"]
[Black "sofaceindisguise"]
[Result "0-1"]
[WhiteElo "2421"]
[BlackElo "2614"]
[TimeControl "180+1"]
[EndTime "8:28:10 PDT"]
[Termination "sofaceindisguise won by resignation"]

1. d4 d5 2. Bg5 c5 3. e3 Nc6 4.
c3 Qb6 5. Qc2 Bf5 6. dxc5 Bxc2 7. cxb6 Bxb1 8. Rxb1 axb6 9. a3 e6 10. Bb5 Ne7 11. Nf3 f6 12. Bh4 Nf5 13. Bg3 e5 14. Rd1 O-O-O 15. Nh4 Nd6 16. Be2 Ne4 17. Nf3 g5 18.
Nd2 Nxd2 19. Rxd2 h5 20. h3 f5 21. O-O f4 22. Bh2 fxe3 23. fxe3 Bc5 24. Kh1 Bxe3 25. Rd3 Bf4 26. g3 e4 27. Rdd1 Bc7 28. g4 Bxh2 29.
Kxh2 hxg4 30. Bxg4+ Kb8 31. Rf5 d4 32. cxd4 Nxd4 33.
Rxg5 Rhe8 34. h4 e3 35. Re1 Re4 36. Kg3 e2 37. Rg7 Rf8 38. h5 Rf1 39. Rxe2 Nxe2+ 40. Bxe2 Rxe2 41. h6 Rg1+ 42. Kf3 Rxg7 43. Kxe2 Rh7 0-1

[Event "Early-Titled-Tuesday-Blitz-August-29-2023"]
[Site "Chess.com"]
[Date "2023.08.29"]
[Round "3"]
[White "jcreyes69"]
[Black "gshwbedhkhd"]
[Result "0-1"]
[WhiteElo "2383"]
[BlackElo "2592"]
[TimeControl "180+1"]
[EndTime "8:28:10 PDT"]
[Termination "gshwbedhkhd won by resignation"]

1. e4 c5 2. Nf3 e6 3. d4 cxd4 4.
Nxd4 Nc6 5. Nc3 Nf6 6. Ndb5 Bc5 7.
Bf4 O-O 8. Bc7 Qe7 9. Bd6 Bxd6 10. Qxd6 Qd8 11. O-O-O a6 12. Nd4 Ne7 13. Qg3 b5 14. Bd3 Bb7 15. e5 Ne8 16. h4 Rc8 17. Nde2 Qa5 18.
Kb1 b4 19. Ne4 Nf5 20. Qf4 f6 21. exf6 Nxf6 22. Nxf6+ Rxf6 23. Qh2 Bd5 24. b3 Ne7 25. Nf4 Bb7 26. Ne2 Rxf2 27. Rhf1 Rxe2 28. Bxe2 Be4 29. Bd3 Bxd3 30. Rxd3 Nd5 31. Qd6 Qb5 32. Rdf3 h6 33. Rf8+ Rxf8 34. Qxf8+ Kh7 35. Qf3 Nc3+ 36. Kb2 Qe5 37. Qd3+ Kg8 38. a3 Nd5+ 39. Kb1 bxa3 40. c3 Nxc3+ 41. Kc2 Nd5 42. Qc4 Ne3+ 43. Kd3 Nxc4 44. Kxc4 0-1

[Event "Early-Titled-Tuesday-Blitz-August-29-2023"]
[Site "Chess.com"]
[Date "2023.08.29"]
[Round "3"]
[White "ElenaPershina"]
[Black "Hamisandwich"]
[Result "0-1"]
[WhiteElo "2409"]
[BlackElo "2605"]
[TimeControl "180+1"]
[EndTime "8:28:11 PDT"]
[Termination "Hamisandwich won by resignation"]

1. c4 b6 2. g3 Bb7 3. Nf3 Bxf3 4. exf3 c5 5. Bg2 Nc6 6. O-O g6 7. Nc3 Bg7 8. f4 e6 9. Nb5 Qb8 10. Re1 Nge7 11. d3 a6 12. Nc3 O-O 13. Be3 Rd8 14.
Qg4 d5 15. cxd5 exd5 16. Bd2 Qd6 17. h4 Nb4 18. h5 Nxd3 19. Re3 Nxb2 20. Rae1 Nf5 21. Re5 Bxe5 22. fxe5 Qe6 23. hxg6 fxg6 24. Bg5 Rd7 25. Bf6 Rf8 26. Qg5 Rxf6 27. Qxf6 Qxf6 28. exf6 d4 29. Nd5 d3 30. Nxb6 d2 0-1

[Event "Early-Titled-Tuesday-Blitz-August-29-2023"]
[Site "Chess.com"]
[Date "2023.08.29"]
[Round "3"]
[White "Alexander_Donchenko"]
[Black "Mihaiionescu1"]
[Result "1/2-1/2"]
[WhiteElo "2846"]
[BlackElo "2516"]
[TimeControl "180+1"]
[EndTime "8:28:12 PDT"]
[Termination "Game drawn by repetition"]

1. Nf3 Nf6 2. g3 e6 3. Bg2 d5 4. O-O Be7 5. c4 O-O 6. b3 b6 7. Bb2 Bb7 8. e3 dxc4 9. bxc4 c5 10. Nc3 a6 11. Qe2 Qc7 12. Rac1 Nbd7 13. Rfd1 Rfd8 14.
h3 Rac8 15. g4 h6 16. Ba1 Nf8 17. d3 Ng6 18. Ne1 Nh4 19. Bxb7 Qxb7 20. f4 Rd7 21. Qf2 g5 22. Rb1 Rcd8 23. Na4 Ne4 24. Qb2 Bf6 25. Qxb6 Qa8 26. dxe4 Rxd1 27. Bxf6 Qxe4 28.
Rxd1 Qxe3+ 29. Kf1 Qxf4+ 30. Ke2 Qe4+ 31. Kf2 Qf4+ 32.
Kg1 Qg3+ 33. Kh1 Qxh3+ 34. Kg1 Qxg4+ 35. Kh2 Qf4+ 36. Kh3 Qe3+ 37. Kg4 Qe2+ 38. Kg3 Qe3+ 39. Kg4 Qe2+ 40. Kh3 Qf1+ 41. Kh2 Qf2+ 42. Kh1 Qf1+ 43. Kh2 Qf2+ 44. Kh3 Qf1+ 45. Kg3 Qg1+ 46. Kh3 Qf1+ 1/2-1/2

[Event "Early-Titled-Tuesday-Blitz-August-29-2023"]
[Site "Chess.com"]
[Date "2023.08.29"]
[Round "3"]
[White "MatthewG-p4p"]
[Black "TrenerChos"]
[Result "1-0"]
[WhiteElo "2861"]
[BlackElo "2555"]
[TimeControl "180+1"]
[EndTime "8:28:13 PDT"]
[Termination "MatthewG-p4p won on time"]

1. e4 c5 2. c3 Nf6 3. e5 Nd5 4. Nf3 Nc6 5. Bc4 Nb6 6. Bb3 g6 7. O-O Bg7 8. d4 cxd4 9. cxd4 O-O 10. Bf4 d5 11. exd6 exd6 12. h3 Bf5 13. Re1 d5 14. Nc3 Na5 15. Be5 Nac4 16. Bxg7 Kxg7 17. Bxc4 Nxc4 18.
Qb3 Qd6 19. Qxb7 Rfd8 20. Re7 Bd7 21. Rae1 Kg8 22. Ng5 Bc6 23. Qc7 Rac8 24. Qxd6 Nxd6 25. Rxa7 h6 26. Nf3 Re8 27. Rxe8+ Bxe8 28. Nxd5 Rc1+ 29.
Kh2 Kg7 30. Ne5 Rc2 31. Ra6 Nf5 32. Ra8 Bb5 33. Nc3 Bf1 34. Ra7 Nxd4 35. Rxf7+ Kg8 36. Rf4 Nf5 37. Nxg6 Nd6 38. Rf6 Ne8 39. Rf8+ Kg7 40. Rxe8 Kxg6 41. Kg1 Rc1 42. Kh2 Rc2 43. Re1 Bc4 44. Re4 Bd3 45. Re3 Bf5 46. Re2 Rc1 47. Rd2 1-0

[Event "Early-Titled-Tuesday-Blitz-August-29-2023"]
[Site "Chess.com"]
[Date "2023.08.29"]
[Round "3"]
[White "Zq1"]
[Black "laskakid"]
[Result "1-0"]
[WhiteElo "2534"]
[BlackElo "2162"]
[TimeControl "180+1"]
[EndTime "8:28:13 PDT"]
[Termination "Zq1 won by resignation"]

1. d4 d5 2. c4 c6 3. e3 Nf6 4. Nf3 Bf5 5. Nc3 e6 6. Bd3 Bxd3 7. Qxd3 Nbd7 8. O-O Be7 9. e4 dxe4 10. Nxe4 O-O 11.
b3 Nxe4 12. Qxe4 Nf6 13. Qe2 c5 14. Bb2 cxd4 15. Nxd4 Qb6 16. Rad1 Rfe8 17. h3 Rad8 18. Nb5 a6 19. Nc3 Qc7 20. Ne4 Nxe4 21. Qxe4 Rxd1 22.
Rxd1 Rd8 23. Rxd8+ Qxd8 24. Qxb7 Qd1+ 25. Kh2 Qd6+ 26. g3 h5 27. Qa8+ Kh7 28. Qe4+ f5 29. Qe5 Qxe5 30. Bxe5 h4 31. gxh4 Bxh4 32. Kg2 Be7 33. Kf3 g5 34. Bd4 Bd6 35. c5 Bc7 36.
Bf6 Kg6 37. Be7 Kf7 38. Bxg5 e5 39. Ke2 Ke6 40. h4 Kd5 41. h5 e4 42. Bf6 Bf4 43.
Bg7 Ke6 44. c6 Kf7 45. Bd4 Bc7 46. b4 Kg8 47. a4 Kh7 48. b5 axb5 49. axb5 Kh6 50. b6 1-0

[Event "Early-Titled-Tuesday-Blitz-August-29-2023"]
[Site "Chess.com"]
[Date "2023.08.29"]
[Round "3"]
[White "RandomNoob04"]
[Black "Shivananda1964"]
[Result "1-0"]
[WhiteElo "2655"]
[BlackElo "2450"]
[TimeControl "180+1"]
[EndTime "8:28:14 PDT"]
[Termination "RandomNoob04 won on time"]

1. e4 Nc6 2. Nf3 e5 3. Bc4 Nf6 4. d4 exd4 5. O-O Nxe4 6. Nc3 Nxc3 7. bxc3 Be7 8. cxd4 d5 9. Bd3 O-O 10. h3 Bf6 11. c3 g6 12. Bh6 Re8 13. Qd2 Ne7 14. Rfe1 Bf5 15. Bf1 Be4 16. Qf4 Nf5 17. Bg5 Kg7 18. g4 Nd6 19. Bh6+ Kg8 20. Ng5 Bg7 21. Bxg7 Kxg7 22. f3 Bc2 23. h4 h6 24. Nh3 Qf6 25. Qg3 Ba4 26. Re5 c6 27. Rae1 Re6 28. Nf4 1-0

[Event "Early-Titled-Tuesday-Blitz-August-29-2023"]
[Site "Chess.com"]
[Date "2023.08.29"]
[Round "3"]
[White "Sina_Movahed"]
[Black "Virgo15"]
[Result "1/2-1/2"]
[WhiteElo "2973"]
[BlackElo "2763"]
[TimeControl "180+1"]
[EndTime "8:28:15 PDT"]
[Termination "Game drawn by repetition"]

1. e4 e6 2. d4 d5 3. e5 c5 4. c3 Nc6 5. Nf3 Bd7 6. Bd3 cxd4 7. cxd4 Qb6 8. Bc2 Nb4 9. O-O Nxc2 10. Qxc2 Rc8 11. Nc3 Ne7 12. Be3 Nf5 13. Qd2 Be7 14. g4 Nxe3 15. fxe3 O-O 16. g5 Qa6 17. h4 b5 18.
Rfc1 b4 19. Ne2 Rxc1+ 20. Rxc1 Rc8 21. Kf2 Qb7 22. Nf4 a5 23. Nd3 Qb5 24. Nfe1 a4 25.
b3 a3 26. Rxc8+ Bxc8 27. Qc1 Ba6 28. Qc7 Bf8 29. Ke2 g6 30. Kd2 Kg7 31. Qc2 Kg8 32. Ng2 h6 33. Ngf4 hxg5 34. hxg5 Be7 35. Nc5 Bxg5 36.
Ncxe6 Bxf4 37. Nxf4 Qf1 38. Qc7 Qf2+ 39. Kd1 Qf1+ 40. Kd2 Qf2+ 41. Kd1 Qf1+ 42. Kd2 1/2-1/2

[Event "Early-Titled-Tuesday-Blitz-August-29-2023"]
[Site "Chess.com"]
[Date "2023.08.29"]
[Round "3"]
[White "miraitrunks"]
[Black "Sleepless_Knightmare"]
[Result "0-1"]
[WhiteElo "1969"]
[BlackElo "2369"]
[TimeControl "180+1"]
[EndTime "8:28:16 PDT"]
[Termination "Sleepless_Knightmare won by resignation"]

1. e4 c5 2. Nf3 e6 3. d4 cxd4 4. Nxd4 a6 5. c4 Nf6 6. Nc3 Qc7 7. Be3 Nc6 8. Qf3 Ne5 9. Qg3 d6 10. Rc1 Bd7 11. f4 Nxc4 12. Bxc4 Qxc4 13. Nd5 exd5 14. Rxc4 dxc4 15. e5 Ne4 16. Qf3 d5 17. O-O Bc5 18. f5 Bxd4 19. Bxd4 O-O-O 20. Rc1 Kb8 21. Bb6 Rc8 22. g4 Ka8 23. Bf2 h5 24. Qe3 Nxf2 25.
Kxf2 hxg4 26. e6 fxe6 27. fxe6 Rcf8+ 28. Kg2 d4 29. Qxd4 Bxe6 30. Re1 Rd8 31. Qxg7 Bd5+ 32. Kg1 Rdg8 33. Qd4 Bc6 34. Re6 g3 35. h4 Bf3 36.
Qf6 Bd5 37. Re7 g2 38. Qd4 Bc6 39. Rc7 Rd8 40. Qg4 Rxh4 41. Qe2 Rh1+ 0-1

[Event "Early-Titled-Tuesday-Blitz-August-29-2023"]
[Site "Chess.com"]
[Date "2023.08.29"]
[Round "3"]
[White "Preobrazhenska_D2011"]
[Black "kecalk"]
[Result "0-1"]
[WhiteElo "2280"]
[BlackElo "2480"]
[TimeControl "180+1"]
[EndTime "8:28:17 PDT"]
[Termination "kecalk won by resignation"]

1. e4 h5 2. d4 c6 3. Nf3 d5 4.
exd5 cxd5 5. c4 Nf6 6. Nc3 e6 7. c5 g6 8. Bf4 Bg7 9. Bb5+ Nc6 10. Ne5 Bd7 11. Bxc6 bxc6 12. O-O O-O 13. Qf3 Ng4 14. Nxd7 Qxd7 15. h3 Nh6 16. Be5 f6 17. Bd6 Rf7 18. Qd3 Nf5 19. Bf4 e5 20. dxe5 fxe5 21. Bg5 e4 22. Qd2 Nd4 23. Rad1 Ne6 24. Be3 Qe7 25.
Ne2 Rb8 26. b4 Qf6 27. Qc2 Rxb4 28. Rb1 Rfb7 29. Rxb4 Rxb4 30. Qd2 Qb2 31. Qd1 d4 32. Bc1 Qxa2 33. Nf4 Nxf4 34. Bxf4 d3 35. Re1 Bc3 36. Rf1 a5 37. Bc1 Qe2 38. Re1 Qxe1+ 0-1

[Event "Early-Titled-Tuesday-Blitz-August-29-2023"]
[Site "Chess.com"]
[Date "2023.08.29"]
[Round "3"]
[White "tsaruk_maks"]
[Black "Fandorine"]
[Result "0-1"]
[WhiteElo "2747"]
[BlackElo "2956"]
[TimeControl "180+1"]
[EndTime "8:28:19 PDT"]
[Termination "Fandorine won by resignation"]

1. e4 c5 2. Nf3 e6 3. d4 cxd4 4.
Nxd4 Nc6 5. Nc3 Qc7 6. a3 a6 7.
Be3 b5 8. Nxc6 Qxc6 9. Be2 Bb7 10. Bf3 Rc8 11. O-O Qc7 12. e5 Ne7 13. Bxb7 Qxb7 14. f4 Nf5 15. Bf2 h5 16. Qd3 Be7 17. Rad1 Rc4 18. Ne2 Rh6 19. b3 Rg6 20. Bg3 Rc7 21. Rf3 h4 22. Bf2 h3 23. g3 Nh4 24. Nd4 Bc5 25. Nxe6 Nxf3+ 26. Qxf3 Qxf3 27. Nxc7+ Kd8 0-1

[Event "Early-Titled-Tuesday-Blitz-August-29-2023"]
[Site "Chess.com"]
[Date "2023.08.29"]
[Round "3"]
[White "kasun_bole"]
[Black "gueraumasague"]
[Result "1-0"]
[WhiteElo "2328"]
[BlackElo "2543"]
[TimeControl "180+1"]
[EndTime "8:28:20 PDT"]
[Termination "kasun_bole won by checkmate"]

1. d4 g6 2. c4 Bg7 3. Nf3 d6 4. Nc3 Bg4 5. Bf4 Nc6 6. d5 Bxf3 7.
exf3 Nd4 8. Be3 c5 9. dxc6 Nxc6 10.
Bd3 Nf6 11. O-O O-O 12. c5 d5 13. Bb5 e5 14. Bxc6 bxc6 15. Bg5 Qa5 16. Rc1 Rfe8 17. a3 Qc7 18. b4 Nd7 19. b5 d4 20. bxc6 Qxc6 21. Ne4 h6 22. Bd2 Kh7 23. Qb3 Re6 24. Bb4 Rb8 25. Qc4 Bf8 26. Rfd1 Rc8 27. Qe2 f5 28. Ng3 Bg7 29. h4 h5 30. Qc4 Bf6 31. Ne2 f4 32. Re1 Nf8 33. g3 Rce8 34. Kg2 fxg3 35. Nxg3 e4 36. Rxe4 Rxe4 37. Nxe4 Bxh4 38. Qf7+ Kh6 39. Bd2+ g5 40. Nf6 Qe6 41. Ng8# 1-0

[Event "Early-Titled-Tuesday-Blitz-August-29-2023"]
[Site "Chess.com"]
[Date "2023.08.29"]
[Round "3"]
[White "Shuvalov"]
[Black "Chernobay_Artem"]
[Result "1-0"]
[WhiteElo "2463"]
[BlackElo "2631"]
[TimeControl "180+1"]
[EndTime "8:28:21 PDT"]
[Termination "Shuvalov won on time"]

1. d4 Nf6 2. c4 g6 3. Nc3 Bg7 4. e4 d6 5. Nf3 O-O 6. Be2 e5 7. O-O Nc6 8. d5 Ne7 9. Ne1 Nd7 10. f3 f5 11. g4 Nf6 12. Nd3 c6 13. Be3 Kh8 14. h4 b5 15. Nb4 cxd5 16. cxd5 a5 17. Nc6 Nxc6 18. dxc6 b4 19. Nb5 d5 20. g5 d4 21.
gxf6 Bxf6 22. Bf2 Bxh4 23. Qd2 fxe4 24. fxe4 Bh3 25. Qh6 Bxf2+ 26. Rxf2 Rxf2 27. Kxf2 Qf6+ 28. Kg3 Rf8 29. Kxh3 Re8 30. Rf1 Qxc6 31. Rf8+ 1-0

[Event "Early-Titled-Tuesday-Blitz-August-29-2023"]
[Site "Chess.com"]
[Date "2023.08.29"]
[Round "3"]
[White "ozates"]
[Black "denizozen"]
[Result "0-1"]
[WhiteElo "2571"]
[BlackElo "2869"]
[TimeControl "180+1"]
[EndTime "8:28:22 PDT"]
[Termination "denizozen won on time"]

1. e4 b6 2. d4 Bb7 3. Bd3 e6 4. Nf3 Nf6 5. Qe2 d5 6. e5 Nfd7 7. O-O Be7 8. g3 a5 9. h4 Ba6 10. h5 Bxd3 11. Qxd3 h6 12. Kg2 c5 13. c3 Nc6 14. Be3 Rc8 15. a3 O-O 16. Nh2 f5 17. f4 a4 18. Nd2 cxd4 19. cxd4 Qe8 20. Qe2 b5 21. g4 fxg4 22. Nxg4 Rf5 23. Rh1 Kh8 24. Nf1 Rxh5 25. Rxh5 Qxh5 26. Ng3 Qg6 27. Rh1 Nxd4 28. f5 exf5 29. Bxd4 fxg4 30. Qxb5 Rc2+ 31. Bf2 Bc5 32. Rf1 Qf7 33. Nh1 Qf3+ 34. Kg1 g3 0-1

[Event "Early-Titled-Tuesday-Blitz-August-29-2023"]
[Site "Chess.com"]
[Date "2023.08.29"]
[Round "3"]
[White "supertfc"]
[Black "LeoLV10"]
[Result "0-1"]
[WhiteElo "2286"]
[BlackElo "2487"]
[TimeControl "180+1"]
[EndTime "8:28:22 PDT"]
[Termination "LeoLV10 won on time"]

1. e4 c5 2. Nc3 e6 3. Nf3 d5 4. exd5 exd5 5. Bb5+ Nc6 6. O-O Be7 7. d4 c4 8. Ne5 Bd7 9. Bxc6 bxc6 10. Re1 Nf6 11.
Qe2 Rc8 12. Bg5 Be6 13. f4 O-O 14. b3 Re8 15. Na4 h6 16. Bh4 Bf5 17. Bxf6 Bxf6 18. Nc5 Qd6 19. Qf2 cxb3 20. axb3 Re7 21. Ra4 Rce8 22.
Rea1 Be4 23. Nxe4 dxe4 24. Qe3 g6 25. Ra6 Bg7 26. Rxc6 Qd5 27. Rc5 Qd6 28. Ra4 Kh7 29. Rca5 f6 30. Nc4 Qb8 0-1